 Dungeon Crawl Stone Soup version 0.21.1-1-g345015f (webtiles) character file.

339318 equalderp2856 the Hoplite (level 21, -2/201 HPs)
             Began as a Minotaur Fighter on May 13, 2018.
             Slain by a tentacled starspawn (12 damage)
             ... on level 3 of the Abyss.
             The game lasted 03:24:05 (73226 turns).

equalderp2856 the Hoplite (Minotaur Fighter)       Turns: 73226, Time: 03:24:06

Health: -2/201     AC: 31    Str: 25    XL:     21   Next: 35%
Magic:  23/23      EV:  8    Int: 14    God:
Gold:   1613       SH: 20    Dex: 13    Spells: 21/21 levels left

rFire    . . .     SeeInvis .   P - +0 broad axe (drain)
rCold    + . .     Gourm    .   e - +0 shield
rNeg     + . .     Faith    .   C - +3 plate armour {rC+}
rPois    .         Spirit   .   B - +2 hat
rElec    .         Reflect  +   c - scarf {repulsion}
rCorr    .         Harm     .   j - +2 pair of gloves
MR       +....                  r - +2 pair of boots
Stlth    ..........             w - +3 amulet of reflection
HPRegen  0.43/turn              E - ring "Fygod" {rN+ Str+2}
MPRegen  0.18/turn              t - +4 ring of intelligence

@: about to teleport, starving, constricted, repel missiles
A: retaliatory headbutt, horns 2, [blurry vision 2], [no potion heal 2]
}: 1/15 runes: gossamer
a: no special abilities


You were on level 3 of the Abyss.
You were starving.

You visited 8 branches of the dungeon, and saw 39 of its levels.
You visited the Abyss 2 times.
You also visited: Labyrinth and Desolation.

You collected 3123 gold pieces.
You spent 1510 gold pieces at shops.

Inventory:

Hand Weapons
 p - a +1 war axe of chopping
 I - a +1 double sword of slicing
 P - a +0 broad axe of draining (weapon)
Armour
 c - a scarf of repulsion (worn)
 e - a +0 shield (worn)
 j - a +2 pair of gloves (worn)
 r - a +2 pair of boots (worn)
 B - a +2 hat (worn)
 C - a +3 plate armour of cold resistance (worn)
 K - a +0 cloak of invisibility
 X - a scarf of resistance
Jewellery
 g - an uncursed ring of ice {unknown}
 s - the ring "Cedosch" {+Blink +Fly Str+4}
   (You found it in the Desolation of Salt)

   [ring of strength]

   It affects your strength (+4).
   It lets you fly.
   It lets you blink.
 t - a +4 ring of intelligence (right hand)
 w - a +3 amulet of reflection (around neck)
 E - the ring "Fygod" (left hand) {rN+ Str+2}
   (You took it off a ragged hierophant in the Desolation of Salt)

   [ring of positive energy]

   It affects your strength (+2).
   It protects you from negative energy.
 Z - an uncursed amulet of the gourmand
Wands
 a - a wand of polymorph (11)
 i - a wand of clouds (6)
 M - a wand of acid (5)
 T - a wand of disintegration (36)
 U - a wand of iceblast (23)
Scrolls
 k - a scroll of holy word
 l - 4 scrolls of blinking
 n - 7 scrolls of amnesia
 q - 8 scrolls of enchant weapon
 u - 5 scrolls of fear
 v - 3 scrolls of teleportation
 x - 5 scrolls of fog
 y - 9 scrolls of identify
 F - 12 scrolls of remove curse
 G - 4 scrolls of summoning
 H - a scroll of enchant armour
 Q - 4 scrolls of magic mapping
Potions
 d - 6 potions of might
 h - 9 potions of curing
 m - a potion of heal wounds
 o - 2 potions of resistance
 L - 3 potions of haste
 N - 2 potions of agility
 O - 3 potions of ambrosia
Miscellaneous
 b - a lightning rod (4/4)
Comestibles
 f - 18 rations


   Skills:
 + Level 20.2 Fighting
 + Level 21.7(22.0) Axes
   Level 6.8(16.0) Polearms
 + Level 18.7 Armour
 + Level 5.7 Dodging
 - Level 10.0 Stealth
 + Level 22.5 Shields
 + Level 0.5 Spellcasting
 + Level 4.4 Evocations


You had 21 spell levels left.
You didn't know any spells.

Dungeon Overview and Level Annotations

Branches:
Dungeon (15/15)            Temple (0/1) D:5            Lair (6/6) D:11
  Swamp (4/4) Lair:2       Spider (4/4) Lair:4        Slime (0/5) Lair:6
    Orc (2/2) D:11            Elf (3/3) Orc:2        Vaults (4/5) D:13
 Depths (1/5) D:15
  Crypt: Vaults:2-3

Altars:
Dithmenos
Elyvilon
Hepliaklqana
Makhleb
Qazlal
Sif Muna
Uskayaw
Wu Jian
Beogh
Jiyva
Lugonu

Shops:
D:13 }   Orc:2 *([?*   Elf:1 *   Vaults:1 (

Portals:
Hell: Depths:1

Annotations:
Lair:3 exclusion: oklob plant
Lair:4 exclusion: 4 oklob plants
Lair:6 1 runed door
Swamp:4 Kirke
Vaults:3 Jory, Xtahua
Depths:1 Jorgrun


Innate Abilities, Weirdness & Mutations

You reflexively headbutt those who attack you in melee.
You have a pair of horns on your head.
[Scrolls take you longer to read.]
[Potions are poor at restoring your health.]


Message History

You block the tentacled starspawn's attack.
The tentacled starspawn engulfs you but does no damage.
The Executioner hits you but does no damage.
You block the Executioner's attack. The Executioner misses you.
You hit the starspawn tentacle. You headbutt the starspawn tentacle.
The starspawn tentacle is almost destroyed.
You hit the Executioner but do no damage.
You slash the large abomination!
Your plate armour prevents you from hitting the tentacled starspawn.
The Executioner hits you!!
* * * LOW HITPOINT WARNING * * *
The Executioner hits you but does no damage.
The Executioner misses you. The starspawn tentacle grabs you.
The starspawn tentacle constricts you. The Executioner gestures at you.
Pain shoots through your body!
* * * LOW HITPOINT WARNING * * *
You block the large abomination's attack.
The tentacled starspawn bites you!
You die...

## # .. . ..
## .## .. ...
§ ..##. #...#≈
....
8...≈≈##│.# #
...≈≈≈.wX# #
##≈≈#.@## # .#
#.≈≈.#1X# h#
#.≈≈≈♣.h.#
.≈≈≈≈≈##.#
###≈≈≈♣..h##
.≈≈≈≈≈#hh..###
≈≈≈≈≈≈h### ..#
#≈≈≈h≈#.#.h..#
.≈≈≈≈≈....h..#


You could see a tentacled starspawn, an Executioner, a large abomination, 3
raiju and a starspawn tentacle.

Vanquished Creatures
  Arachne (Spider:4)
  A lich (Vaults:1)
  A tentacled monstrosity (Lair:2)
  A tentacled starspawn (Abyss:3)
  3 fire giants
  2 imperial myrmidons (Desolation)
  3 deep elf sorcerers
  7 vault wardens
  2 ghost moths (Spider:4)
  An orc warlord (Vaults:1)
  4 emperor scorpions
  11 ironheart preservers
  3 deep elf elementalists
  A stone giant (D:15)
  2 entropy weavers
  2 entropy weavers (shapeshifter)
  7 deep elf demonologists
  A deep elf annihilator (Vaults:1)
  A purple draconian (Abyss:3)
  2 spark wasps
  8 starcursed masses (Abyss:3)
  2 halazid warlocks (Desolation)
  3 ettins
  3 deep elf death magi
  A jiangshi (Vaults:2)
  A minotaur (Lab)
  A crystal guardian (Desolation)
  A blizzard demon (Abyss:3)
  3 fire dragons
  9 ragged hierophants (Desolation)
  12 peacekeepers (Desolation)
  A deep elf high priest (Elf:3)
  9 servants of whispers (Desolation)
  A yaktaur captain (Vaults:1)
  A great orb of eyes (Abyss:3)
  3 rakshasas
  5 vault guards
  5 ghost crabs
  A catoblepas (Lair:4)
  3 centaur warriors
  19 hydras
  An ice dragon (Vaults:2)
  An anaconda (Lair:5)
  30 two-headed ogres
  28 dancing weapons
  10 ogre magi
  10 alligators
  8 death scarabs (Spider:4)
  A death knight (D:15)
  A tengu warrior (D:14)
  3 death yaks
  A queen ant (D:11)
  A deep troll shaman (Vaults:2)
  Urug (Orc:1)
  2 orc high priests
  6 thrashing horrors
  3 deep troll earth magi
  A storm dragon zombie (Abyss:3)
  20 deep elf knights
  5 wretched stars
  A fire crab (shapeshifter) (Vaults:2)
  A shadow wraith (Vaults:3)
  3 skeletal warriors (Vaults:1)
  A spatial maelstrom (Abyss:3)
  An unseen horror (shapeshifter) (Vaults:1)
  14 deep trolls
  3 swamp dragons
  An unseen horror (D:15)
  14 deep elf archers
  A shambling mangrove (Swamp:1)
  4 wizards
  12 ironbrand convokers
  2 lindwurms (Lair:6)
  A necromancer (Vaults:3)
  A wolf spider zombie (Spider:4)
  A phantasmal warrior (D:14)
  63 deep elf magi
  A mana viper (shapeshifter) (D:15)
  9 orc knights
  2 orc sorcerers (Orc:2)
  11 orb spiders
  8 cyclopes
  27 ugly things
  5 spectral wolf spiders (Spider:4)
  19 wolf spiders
  2 manticores (D:15)
  A frost giant zombie (Vaults:3)
  6 elephants (Lair:2)
  2 worldbinders
  3 moths of wrath
  Maurice (Orc:1)
  3 guardian serpents
  9 vault sentinels
  A moth of wrath (shapeshifter) (Elf:2)
  6 black mambas (Lair:5)
  An orange demon (Abyss:3)
  A water nymph (shapeshifter) (D:15)
  11 gargoyles
  A black mamba (shapeshifter) (D:13)
  6 torpor snails
  2 molten gargoyles (Desolation)
  17 spiny frogs
  Psyche (D:8)
  2 komodo dragons (shapeshifter)
  7 spectral redbacks (Spider:4)
  An efreet (D:13)
  15 demonic crawlers
  4 freezing wraiths
  4 kobold demonologists
  20 yaktaurs
  2 rime drakes
  6 komodo dragons
  5 redback zombies
  15 trolls
  3 ancient zymes
  The ghost of raikaria the Ogre Mage, an amateur OgWz (D:5)
  23 jumping spiders
  A jumping spider (shapeshifter) (Elf:2)
  2 spectral jumping spiders (Spider:4)
  2 polar bears
  56 saltlings (Desolation)
  A wind drake (shapeshifter) (Vaults:2)
  5 bog bodies
  A raiju (Abyss:3)
  5 tyrant leeches
  23 hornets
  3 spectral tarantellas (Spider:4)
  39 slime creatures
  18 dream sheep
  3 hippogriffs
  13 blink frogs
  2 jumping spider zombies (Spider:4)
  A tarantella zombie (Spider:4)
  A hippogriff (shapeshifter) (Vaults:1)
  Sigmund (D:4)
  An air elemental (Elf:2)
  5 flying skulls (Abyss:2)
  A shadow (D:15)
  73 redbacks
  A redback (shapeshifter) (Vaults:3)
  6 spriggans
  30 tarantellas
  A ynoxinul (Abyss:3)
  9 yaks
  A spriggan (shapeshifter) (Vaults:2)
  A hog (Swamp:3)
  A human (shapeshifter) (Vaults:3)
  A tarantella (shapeshifter) (Vaults:1)
  4 wyverns
  4 fire elementals
  6 basilisks
  A chaos spawn (Abyss:3)
  16 vampire mosquitoes
  3 neqoxecs (Abyss:3)
  7 hungry ghosts
  3 steam dragons (Lair:6)
  24 swamp worms
  4 wargs
  15 insubstantial wisps
  Edmund (D:4)
  Menkaure (D:7)
  10 soldier ants
  18 water moccasins
  A spectral hornet (Spider:4)
  A spiny frog zombie (Abyss:2)
  5 acid dragons
  8 porcupines
  7 ice beasts
  4 swamp drakes
  4 sky beasts
  7 large abominations
  29 orc warriors
  2 black bears
  An eye of draining (D:14)
  A necrophage (D:9)
  A black bear (shapeshifter) (Vaults:3)
  47 ogres
  4 phantoms
  4 boggarts
  13 wolves
  18 centaurs
  17 crocodiles
  A big kobold (shapeshifter) (D:13)
  15 bullfrogs
  3 big kobolds
  2 glowing shapeshifter simulacra (Vaults:3)
  3 earth elementals (Elf:3)
  A wyvern skeleton (D:12)
  5 scorpions
  A water moccasin skeleton (D:4)
  6 small abominations (Abyss:3)
  7 killer bees
  8 wights
  2 howler monkeys
  An electric eel (Spider:3)
  8 crimson imps
  4 bullfrog zombies
  A quasit (Abyss:2)
  5 centaur zombies
  4 lava snakes (Lab)
  10 centaur skeletons
  29 orc priests
  5 hounds
  3 jellies
  2 bullfrog skeletons
  5 iguanas
  An iron imp (Abyss:3)
  23 orc wizards
  Terence (D:2)
  2 gnoll shamans
  Natasha (thrice) (D:4 D:7)
  27 worker ants
  A hound skeleton (D:4)
  10 gnolls
  A howler monkey skeleton (D:7)
  12 adders
  A shadow imp (D:13)
  3 oozes
  An adder zombie (D:8)
  18 worms
  3 dart slugs
  6 leopard geckos
  122 orcs
  2 ball pythons (D:2)
  7 bats
  4 giant cockroaches
  6 goblins
  7 hobgoblins
  3 jackals (D:7)
  18 kobolds
  4 quokkas
  A ball python skeleton (D:4)
  5 frilled lizards
  A giant cockroach zombie (D:5)
  3 rats
  A bush (Lair:5)
  5 fungi
  8 plants
1709 creatures vanquished.

Vanquished Creatures (others)
  Asterion (Spider:4)
  A ragged hierophant (Desolation)
  A hydra (Swamp:3)
  A centaur warrior (Depths:1)
  2 deep elf knights (Elf:2)
  An unseen horror (shapeshifter) (Abyss:3)
  2 deep elf archers (Elf:2)
  3 deep elf magi
  5 yaktaurs
  A saltling (Desolation)
  A tyrant leech (Swamp:2)
  An insubstantial wisp (Swamp:2)
  A swamp worm (Swamp:2)
  An orc warrior (Orc:1)
  A centaur (D:12)
  2 orc priests (Orc:1)
  An orc wizard (Orc:1)
  A shadow imp (D:13)
  3 orcs (Orc:1)
  2 bushes
  4 demonic plants
  21 fungi
  26 plants
  4 starspawn tentacles (Abyss:3)
87 creatures vanquished.

Grand Total: 1796 creatures vanquished

Notes
Turn   | Place    | Note
-------+----------+-------------------------------------------
     0 | D:1      | equalderp2856 the Minotaur Fighter began the quest for the Orb.
     0 | D:1      | Reached XP level 1. HP: 19/19 MP: 0/0
    52 | D:1      | Reached XP level 2. HP: 27/27 MP: 1/1
   208 | D:1      | Reached skill level 4 in Shields
   460 | D:2      | Reached XP level 3. HP: 33/33 MP: 2/2
   730 | D:2      | Noticed Terence
   747 | D:2      | Killed Terence
   747 | D:2      | Reached XP level 4. HP: 32/40 MP: 3/3
   812 | D:2      | Found a faded altar of an unknown god.
  1521 | D:3      | Reached XP level 5. HP: 37/47 MP: 4/4
  1580 | D:3      | Found a stormy altar of Qazlal.
  1581 | D:3      | Found a hazy altar of Hepliaklqana.
  1582 | D:3      | Found a white marble altar of Elyvilon.
  1773 | D:4      | Noticed Edmund
  1784 | D:4      | Killed Edmund
  1784 | D:4      | Reached skill level 5 in Axes
  1895 | D:4      | Reached XP level 6. HP: 47/55 MP: 5/5
  1993 | D:4      | Noticed Natasha
  1999 | D:4      | Killed Natasha
  2081 | D:4      | Found a burning altar of Makhleb.
  2088 | D:4      | Reached skill level 5 in Shields
  2287 | D:4      | Reached skill level 1 in Dodging
  2302 | D:4      | Noticed Sigmund
  2332 | D:4      | Reached skill level 5 in Fighting
  2332 | D:4      | Reached skill level 5 in Armour
  2474 | D:4      | Killed Sigmund
  2474 | D:4      | Reached XP level 7. HP: 58/61 MP: 6/6
  2536 | D:4      | You fall through a shaft!
  2536 | D:5      | Entered Level 5 of the Dungeon
  2699 | D:5      | Noticed raikaria's ghost (amateur OgWz)
  3377 | D:5      | Reached XP level 8. HP: 69/69 MP: 7/7
  3407 | D:5      | Reached skill level 6 in Shields
  3429 | D:5      | Found a staircase to the Ecumenical Temple.
  3510 | D:5      | Killed raikaria's ghost
  4010 | D:6      | Reached XP level 9. HP: 65/78 MP: 8/8
  4177 | D:6      | Reached skill level 7 in Shields
  4205 | D:6      | Reached skill level 10 in Axes
  4450 | D:7      | Found a hide-covered altar of Uskayaw.
  4514 | D:7      | Noticed Menkaure
  4523 | D:7      | Killed Menkaure
  4534 | D:7      | Noticed Natasha
  4539 | D:7      | Killed Natasha
  4592 | D:7      | Noticed Natasha
  4594 | D:7      | Killed Natasha
  5066 | D:8      | Found a shadowy altar of Dithmenos.
  5386 | D:8      | Reached skill level 8 in Shields
  5931 | D:8      | Reached skill level 1 in Stealth
  6071 | D:8      | Found a white marble altar of Elyvilon.
  6102 | D:8      | Noticed Psyche
  6115 | D:8      | Killed Psyche
  6115 | D:8      | Reached XP level 10. HP: 59/88 MP: 9/9
  6352 | D:8      | Noticed a two-headed ogre
  6370 | D:8      | Killed a two-headed ogre
  6427 | D:8      | Reached skill level 1 in Evocations
  7287 | D:9      | Noticed a two-headed ogre
  7315 | D:8      | Killed a two-headed ogre
  7488 | D:9      | Reached skill level 9 in Shields
  8083 | D:10     | Entered Level 10 of the Dungeon
  8182 | D:10     | Found a corrupted altar of Lugonu.
  8242 | D:10     | Noticed an orange demon
  8244 | D:10     | Noticed a sixfirhy
  8247 | D:10     | Noticed a sun demon
  8595 | D:10     | Reached XP level 11. HP: 95/95 MP: 10/10
  8611 | D:10     | Noticed a soul eater
  9090 | D:10     | Got a scorched rapier {elec}
  9096 | D:10     | Identified the +3 rapier "Ycziapt" {elec, +Blink Dex+4} (You took it off a wight on level 10 of the Dungeon)
  9111 | D:10     | Noticed a two-headed ogre
  9125 | D:10     | Killed a two-headed ogre
 10075 | D:11     | Found a staircase to the Orcish Mines.
 10518 | D:11     | Found a staircase to the Lair.
 10577 | D:11     | Reached skill level 10 in Shields
 11326 | D:11     | Noticed a queen ant
 11361 | D:11     | Killed a queen ant
 12066 | Lair:1   | Entered Level 1 of the Lair of Beasts
 12251 | Lair:1   | Noticed an eight-headed hydra
 12856 | D:11     | Reached skill level 10 in Armour
 12885 | D:11     | Killed an eight-headed hydra
 12885 | D:11     | Reached skill level 1 in Polearms
 13762 | Lair:2   | Noticed a four-headed hydra
 13775 | Lair:2   | Killed a four-headed hydra
 13775 | Lair:2   | Reached XP level 12. HP: 95/106 MP: 12/12
 13809 | Lair:2   | Found a staircase to the Swamp.
 13918 | Lair:2   | Reached skill level 10 in Fighting
 13923 | Lair:2   | Reached skill level 11 in Shields
 14453 | Lair:2   | Noticed a five-headed hydra
 14462 | Lair:2   | Killed a five-headed hydra
 15699 | Lair:4   | Noticed a catoblepas
 15720 | Lair:4   | Killed a catoblepas
 15720 | Lair:4   | Reached skill level 15 in Axes
 15734 | Lair:4   | Found a labyrinth entrance.
 15775 | Lab      | Entered a labyrinth
 16054 | Lab      | Found an exit through the horrors of the Abyss.
 16792 | Lab      | Found an exit through the horrors of the Abyss.
 16812 | Lab      | Noticed a minotaur
 16824 | Lab      | Killed a minotaur
 16830 | Lab      | Identified Sif Muna's Collected Works on the Evil Volcanoes
 18228 | Lab      | Found an exit through the horrors of the Abyss.
 18634 | Lair:4   | Reached XP level 13. HP: 116/116 MP: 13/13
 18646 | Lair:4   | Found a hole to the Spider Nest.
 19787 | Lair:5   | Reached skill level 12 in Shields
 20681 | Lair:6   | Entered Level 6 of the Lair of Beasts
 20738 | Lair:6   | Found a viscous altar of Jiyva.
 20738 | Lair:6   | Found a staircase to the Slime Pits.
 21185 | Lair:5   | Reached skill level 13 in Shields
 22256 | Lair:6   | Reached XP level 14. HP: 62/126 MP: 15/15
 22572 | Lair:6   | Found a runed door.
 24947 | Orc:1    | Entered Level 1 of the Orcish Mines
 24947 | Orc:1    | Noticed Urug
 24969 | Orc:1    | Killed Urug
 25038 | Orc:1    | Noticed Maurice
 25073 | Orc:1    | Killed Maurice
 25341 | Orc:2    | Entered Level 2 of the Orcish Mines
 25341 | Orc:2    | Found a staircase to the Elven Halls.
 26117 | Orc:1    | Found a roughly hewn altar of Beogh.
 26122 | Orc:1    | Reached skill level 14 in Shields
 26417 | Orc:2    | Found Enawecva's General Store.
 26907 | Orc:2    | Found a roughly hewn altar of Beogh.
 27537 | Orc:2    | Paralysed by an orc sorcerer for 7 turns
 28488 | Orc:2    | Reached XP level 15. HP: 56/137 MP: 16/16
 28966 | Orc:2    | Found Baycebio's Antique Weapon Shop.
 28973 | Orc:2    | Found Baoskann's General Store.
 28974 | Orc:2    | Found Voguxtoc's Armour Emporium.
 29178 | Orc:2    | Found Viuminoa's Magic Scroll Boutique.
 29311 | Orc:2    | Bought a broad axe for 108 gold pieces
 30253 | D:13     | Reached skill level 15 in Shields
 30343 | D:13     | Found a gate to the Vaults.
 30904 | D:13     | Found an ornate altar of the Wu Jian Council.
 31094 | D:13     | Found Xihex's Gadget Shoppe.
 31955 | D:14     | Reached skill level 15 in Armour
 32473 | D:15     | Entered Level 15 of the Dungeon
 33032 | D:15     | Found a staircase to the Depths.
 33032 | D:15     | Noticed a fire giant
 33122 | D:15     | Reached skill level 5 in Polearms
 34090 | D:15     | Found a white marble altar of Elyvilon.
 34395 | D:15     | Killed a fire giant
 35240 | D:15     | Found a deep blue altar of Sif Muna.
 35297 | Depths:1 | Entered Level 1 of the Depths
 35855 | D:15     | Reached XP level 16. HP: 89/147 MP: 17/17
 36676 | Depths:1 | Found a gateway to Hell.
 36717 | Depths:1 | Noticed Jorgrun
 37124 | Swamp:1  | Entered Level 1 of the Swamp
 37186 | Swamp:1  | Noticed a tentacled monstrosity
 37229 | Lair:2   | Killed a tentacled monstrosity
 37229 | Lair:2   | Reached skill level 16 in Shields
 37505 | Swamp:1  | Reached skill level 15 in Fighting
 41367 | Swamp:3  | Reached skill level 17 in Shields
 41908 | Swamp:4  | Entered Level 4 of the Swamp
 41909 | Swamp:4  | Noticed Kirke
 42059 | Spider:1 | Entered Level 1 of the Spider Nest
 42952 | Spider:2 | Reached XP level 17. HP: 133/158 MP: 18/18
 42979 | Spider:2 | Found the +5 scythe "Finisher" {speed, Str+3}
 45691 | Spider:4 | Entered Level 4 of the Spider Nest
 45703 | Spider:4 | Reached skill level 18 in Shields
 46124 | Spider:4 | Noticed Arachne
 46158 | Spider:4 | Killed Arachne
 46769 | Spider:4 | Noticed Asterion
 46921 | Spider:4 | Killed Asterion
 48759 | Spider:4 | Reached skill level 19 in Shields
 48898 | Spider:4 | Reached XP level 18. HP: 165/170 MP: 19/19
 49463 | Spider:4 | Got a gossamer rune of Zot
 49731 | Lair:3   | Paralysed by fainting for 10 turns
 49884 | Vaults:1 | Entered Level 1 of the Vaults
 49894 | Vaults:1 | Found Xonehuo's Antique Weapon Boutique.
 49902 | Vaults:1 | Bought a jewelled broad axe for 198 gold pieces
 49904 | Vaults:1 | Identified the +2 broad axe of Jiby Fidgh {protect, *Slow rC+ rN+ MR+} (You bought it in a shop on level 1 of the Vaults)
 51118 | Vaults:1 | Cast into level 2 of the Abyss (a wizard)
 51375 | Abyss:2  | Noticed a lich
 51513 | Abyss:3  | Reached skill level 5 in Dodging
 51593 | Vaults:1 | Escaped the Abyss
 51600 | Vaults:1 | HP: 1/172 [something/bolt of lightning (19)]
 52866 | Vaults:1 | Reached skill level 20 in Shields
 53313 | Vaults:1 | Noticed a lich
 53611 | Vaults:1 | Reached XP level 19. HP: 124/180 MP: 21/21
 54292 | Vaults:1 | Killed a lich
 55034 | Vaults:2 | HP: 11/271 [deep elf death mage/vampiric draining[an ironheart preserver] (21)]
 56683 | Vaults:2 | Reached skill level 21 in Shields
 57500 | Vaults:3 | Noticed Jory
 58275 | Vaults:1 | Identified Qif Omuo's Incunabulum of Enthralling Evil Secrets
 58563 | Vaults:3 | Noticed Xtahua
 58569 | Vaults:3 | Paralysed by Xtahua for 6 turns
 59371 | Vaults:4 | Found a ruined gateway.
 59399 | Desolati | Entered the Desolation of Salt
 60115 | Desolati | Reached skill level 5 in Stealth
 60173 | Desolati | Reached XP level 20. HP: 72/191 MP: 22/22
 64228 | Desolati | Identified the Incunabulum of Spatial Black Magic
 64229 | Desolati | Identified the Catalogue of Boosts
 64418 | Desolati | Got a scorched granite ring
 64494 | Desolati | Got a bound turquoise ring
 64995 | Desolati | Got a crude platinum ring
 65486 | Desolati | Identified the ring "Buih" {Ice *Drain Int+5 Dex+9} (You took it off a ragged hierophant in the Desolation of Salt)
 65488 | Desolati | Identified the ring "Cedosch" {+Blink +Fly Str+4} (You found it in the Desolation of Salt)
 65490 | Desolati | Identified the ring "Fygod" {rN+ Str+2} (You took it off a ragged hierophant in the Desolation of Salt)
 65946 | Vaults:4 | Reached skill level 10 in Stealth
 67067 | Elf:1    | Entered Level 1 of the Elven Halls
 69165 | Elf:1    | Found Feti's Assorted Antiques.
 69174 | Elf:1    | Bought a steaming plate armour for 1204 gold pieces
 69177 | Elf:1    | Identified the cursed +1 plate armour "Jiot" {rF++ Dex-5} (You bought it in a shop on level 1 of the Elven Halls)
 70590 | Elf:2    | Found a huge runed gate.
 70590 | Elf:2    | Found a huge runed gate.
 70590 | Elf:2    | Found a huge runed gate.
 70592 | Elf:2    | Found a huge runed gate.
 70593 | Elf:2    | Found a huge runed gate.
 70651 | Elf:2    | Reached skill level 22 in Shields
 70785 | Elf:2    | Reached XP level 21. HP: 158/200 MP: 23/23
 71574 | Elf:3    | Entered Level 3 of the Elven Halls
 72853 | Elf:3    | Cast into level 3 of the Abyss (a deep elf sorcerer)
 73226 | Abyss:3  | HP: 10/201 [Executioner/nerve-wracking pain (6)]
 73226 | Abyss:3  | Slain by a tentacled starspawn

Skill      XL: |  1  2  3  4  5  6  7  8  9 10 11 12 13 14 15 16 17 18 19 20 21 |
---------------+----------------------------------------------------------------+-----
Armour         | 4 5 6 7 8 10 12 13 14 15 16 17 18 | 18.7
Fighting       | 4 5 6 7 8 9 11 12 13 14 16 17 18 19 20 | 20.2
Shields        | 4 5 6 8 9 10 11 13 14 15 17 19 20 21 22 | 22.5
Axes           | 3 4 5 6 7 9 11 13 14 15 16 17 18 19 20 21 | 21.7
Dodging        | 1 2 3 4 5 |  5.7
Stealth        | 1 3 4 5 10 | 10.0
Evocations     | 1 3 4 |  4.4
Polearms       | 2 3 4 6 |  6.8
Spellcasting   | |  0.5

Action                   |  1- 3 |  4- 6 |  7- 9 | 10-12 | 13-15 | 16-18 | 19-21 || total
-------------------------+-------+-------+-------+-------+-------+-------+-------++-------
Melee: War axe           |    76 |   124 |   219 |   785 |  1023 |       |    11 ||  2238
       Headbutt          |    10 |    22 |    83 |   188 |   463 |   589 |   418 ||  1773
       Broad axe         |       |       |   137 |    75 |   513 |  2052 |  1652 ||  4429
       Trident           |       |       |       |    49 |   113 |    57 |       ||   219
 Abil: Evoke Invisibilit |       |       |       |       |     5 |       |       ||     5
Evoke: Wand              |       |       |       |    25 |    32 |    14 |     7 ||    78
       Lightning rod     |       |       |       |       |     4 |     9 |     7 ||    20
  Use: Scroll            |       |       |       |    22 |     6 |    17 |    13 ||    58
       Potion            |       |       |       |     8 |     4 |     9 |     8 ||    29
 Stab: Paralysed         |       |       |       |    16 |       |       |       ||    16
       Invisible         |       |       |       |       |    23 |       |       ||    23
       Distracted        |       |       |       |       |       |       |     4 ||     4
       Confused          |       |       |       |       |       |       |     2 ||     2
  Eat: Chunk             |       |     4 |     9 |    25 |    19 |    17 |    15 ||    89
       Ration            |       |       |     2 |     6 |    12 |    12 |    14 ||    46
Armor: Scale mail        |    34 |       |       |       |       |       |       ||    34
       Chain mail        |       |    63 |   132 |       |       |       |       ||   195
       Plate armour      |       |       |    32 |   389 |   722 |  1043 |   613 ||  2799
Dodge: Dodged            |    24 |    35 |    80 |   156 |   317 |   628 |   335 ||  1575
       Deflected         |       |       |       |       |     7 |       |    27 ||    34
Block: Shield            |    44 |    57 |   167 |   528 |  1190 |  1980 |  1267 ||  5233
       Reflection        |       |       |       |     5 |    40 |    43 |    97 ||   185
